 Dungeon Crawl Stone Soup version 0.22.0-38-g04b72b8 (webtiles) character file.

90 Marcoleric the Covered (level 4, 0/24 HPs)
             Began as a Kobold Wanderer on Aug 27, 2018.
             Slain by an adder (2 damage)
             ... on level 3 of the Dungeon.
             The game lasted 00:08:13 (2122 turns).

Marcoleric the Covered (Kobold Wanderer)            Turns: 2122, Time: 00:08:15

Health: 0/24       AC:  7    Str:  7    XL:     4   Next: 85%
Magic:  5/5        EV: 13    Int: 11    God:    Xom [.*....]
Gold:   84         SH:  0    Dex: 15    Spells: 5/5 levels left

rFire    . . .     SeeInvis .   m - +0 dagger
rCold    . . .     Gourm    .   (shield restricted)
rNeg     . . .     Faith    .   o - +0 leather armour
rPois    .         Spirit   .   e - +1 hat
rElec    .         Reflect  .   i - +1 cloak
rCorr    .         Harm     .   (no gloves)
MR       .....                  l - +0 pair of boots
Stlth    ++........             (no amulet)
HPRegen  0.08/turn              (no ring)
MPRegen  0.09/turn              (no ring)

@: lethally poisoned (0 -> -10)
A: small, blurry vision 1, carnivore, weak 2, no potion heal 1
a: Renounce Religion


You were on level 3 of the Dungeon.
You worshipped Xom.
You were a plaything of Xom.
You were hungry.

You visited 1 branch of the dungeon, and saw 3 of its levels.

You collected 84 gold pieces.

Inventory:

Hand Weapons
 a - a +2 hand axe
 d - a +0 blowgun
 g - a cursed +0 dagger
 m - a +0 dagger (weapon)
Missiles
 c - 8 poisoned needles
Armour
 b - a +0 ring mail
 e - a +1 hat (worn)
 i - a +1 cloak (worn)
 l - a +0 pair of boots (worn)
 n - a cursed +0 pair of boots
 o - a +0 leather armour (worn)
Wands
 j - a wand of random effects (37)
Scrolls
 h - a scroll of identify
 k - 3 scrolls of teleportation
Potions
 p - 2 potions of resistance {unknown}
 q - a potion of agility {unknown}
Comestibles
 f - 2 rations


   Skills:
 + Level 0.6 Fighting
 + Level 1.4 Short Blades
 - Level 2.7 Axes
 + Level 1.1 Throwing
 - Level 3.0 Armour
 + Level 1.2 Dodging
 * Level 1.0 Stealth
 + Level 1.1 Spellcasting
   Level 1.0 Summonings
   Level 1.0 Air Magic
 + Level 1.2 Evocations


You had 5 spell levels left.
You didn't know any spells.
Your spell library was empty.

Dungeon Overview and Level Annotations

Branches:
Dungeon (3/15)

Altars:
Xom


Innate Abilities, Weirdness & Mutations

You are small and have problems with some larger weapons.
You are carnivorous and can eat meat at any time.
Scrolls take you a little longer to read.
You are very weak. (Str -4)
Potions are less effective at restoring your health.


Message History

You closely miss the adder.
The adder is heavily wounded.
The adder bites you.
* * * LOW HITPOINT WARNING * * *
You are lethally poisoned!
The adder poisons you!
You barely miss the adder.
The adder is heavily wounded.
* * * LOW HITPOINT WARNING * * *
You feel sick. The adder bites you.
* * * LOW HITPOINT WARNING * * *
You are more poisoned.
The adder poisons you!
You hit the adder.
The adder is severely wounded.
You are feeling hungry.
* * * LOW HITPOINT WARNING * * *
You feel sick. The adder bites you.
You die... "It's not fun and games unless someone loses an eye."

############ #
#..........#
...##.##.########.##
#....S@.# #..#
......#### ##.#
..... #.# .... #.#
... #.# .. #.# . #†#
##.## #...#


You could see an adder.

Vanquished Creatures
  2 adders (D:2)
  A gnoll (D:2)
  An ooze (D:1)
  3 dart slugs (D:1)
  3 leopard geckos
  2 giant cockroaches (D:1)
  10 goblins
  5 hobgoblins
  A quokka (D:2)
  A ball python (D:1)
  7 bats
  2 frilled lizards (D:2)
  3 kobolds
  8 rats
49 creatures vanquished.

Notes
Turn   | Place    | Note
-------+----------+-------------------------------------------
     0 | D:1      | Marcoleric the Kobold Wanderer began the quest for the Orb.
     0 | D:1      | Marcoleric set off with: a +2 hand axe, a +0 ring mail, 8 poisoned needles, a +0 blowgun, a ration
     0 | D:1      | Reached XP level 1. HP: 10/10 MP: 2/2
    42 | D:1      | Reached XP level 2. HP: 15/15 MP: 3/3
   377 | D:1      | Reached XP level 3. HP: 17/19 MP: 4/4
   955 | D:2      | Found a shimmering altar of Xom.
   963 | D:2      | Became a worshipper of Xom of Chaos
  1006 | D:2      | XOM: divination: detect items
  1231 | D:2      | Reached XP level 4. HP: 24/24 MP: 5/5
  1253 | D:2      | Reached skill level 3 in Armour
  1321 | D:2      | XOM: scenery: create altars
  1541 | D:2      | XOM: scenery: create altars
  1617 | D:2      | Reached skill level 1 in Short Blades
  1645 | D:2      | XOM: potion effect (brilliance)
  1651 | D:2      | Reached skill level 1 in Dodging
  1651 | D:2      | Reached skill level 1 in Stealth
  1841 | D:2      | XOM: give mutations
  1841 | D:2      | Gained mutation: You are weak. (Str -2) [Xom's mischief]
  1841 | D:2      | Gained mutation: You are very weak. (Str -4) [Xom's mischief]
  1841 | D:2      | Gained mutation: Scrolls take you a little longer to read. [Xom's mischief]
  1841 | D:2      | Gained mutation: Potions are less effective at restoring your health. [Xom's mischief]
  2122 | D:3      | Slain by an adder

Skill      XL: |  1  2  3  4 |
---------------+-------------+-----
Axes           | 2 |  2.7
Armour         | 3 |  3.0
Short Blades   | 1 |  1.4
Dodging        | 1 |  1.2
Stealth        | 1 |  1.0
Fighting       | |  0.6
Throwing       | |  1.1
Spellcasting   | |  1.1
Summonings     | |  1.0
Air Magic      | |  1.0
Evocations     | |  1.2

Action                   |  1- 3 |  4- 6 || total
-------------------------+-------+-------++-------
Melee: Hand axe          |    49 |       ||    49
       Dagger            |    57 |   174 ||   231
  Use: Scroll            |     6 |     1 ||     7
       Potion            |     1 |     1 ||     2
  Eat: Ration            |       |     2 ||     2
Armor: Ring mail         |    47 |    72 ||   119
       Leather armour    |       |    14 ||    14
Dodge: Dodged            |    93 |   175 ||   268
